 Dungeon Crawl Stone Soup version 0.30-a0-778-g2ef04afb54 (webtiles) character file.

Game seed: 763211757858647978

227 Esekla the Covert (level 6, -2/42 HPs)
             Began as an Octopode Delver on Feb 16, 2023.
             Was an Initiate of Gozag.
             Slain by a sky beast (6 damage)
             ... on level 5 of the Dungeon.
             The game lasted 00:18:18 (3564 turns).

Esekla the Covert (Octopode Delver)                 Turns: 3564, Time: 00:18:19

Health: -2/42      AC:  1    Str: 12    XL:     6   Next: 2%
Magic:  5/8        EV: 14    Int: 14    God:    Gozag
Gold:   582        SH:  0    Dex: 19    Spells: 6/8 levels left

rFire   . . .      SeeInvis .    a - +0 falchion
rCold   . . .      Faith    .    (no shield)
rNeg    + . .      Spirit   .    (helmet restricted)
rPois   .          Reflect  .    (no amulet)
rElec   .          Harm     .    t - ring of positive energy
rCorr   .          Rampage  .    u - +6 ring of dexterity
Will    .....                    (no ring)
Stlth   +++++                    (no ring)
HPRegen 0.27/turn                (no ring)
MPRegen 0.11/turn                (no ring)
                                 (no ring)
                                 (no ring)

@: on blink cooldown
A: almost no armour, amphibious, 8 rings, camouflage 1, gelatinous body 1,
(nimble swimmer 1), tentacles
a: Renounce Religion, Potion Petition, Call Merchant, Bribe Branch


You were on level 5 of the Dungeon.
You worshipped Gozag.
Gozag was pleased with you.
You visited 2 branches of the dungeon, and saw 6 of its levels.

You collected 600 gold pieces.
You spent 13 gold pieces at shops.
You paid 5 gold pieces to Gozag.

Inventory:

Hand Weapons
 a - a +0 falchion (weapon)
 r - a +0 spear
 s - a +0 dagger
Missiles
 i - 7 poisoned darts (quivered)
 l - a throwing net
Jewellery
 t - a ring of positive energy (left tentacle)
 u - a +6 ring of dexterity (right tentacle)
Wands
 c - a wand of iceblast (8)
 f - a wand of digging (2)
Scrolls
 b - 3 scrolls of fog
 d - a scroll of fear
 g - 2 scrolls of amnesia {unknown}
 j - 4 scrolls of identify {unknown}
 k - 2 scrolls of vulnerability {unknown}
 p - 2 scrolls of enchant armour {unknown}
 q - 2 scrolls of teleportation {unknown}
Potions
 e - a potion of haste
 h - a potion of curing {unknown}
 m - 3 potions of flight {unknown}
 n - a potion of lignification {unknown}
 o - a potion of mutation {unknown}


   Skills:
 * Level 3.4 Fighting
 + Level 0.1(1.8) Short Blades
 * Level 3.0 Long Blades
 * Level 2.5 Dodging
 + Level 8.3 Stealth
 * Level 1.8 Spellcasting
 * Level 1.5 Translocations


You had 6 spell levels left.
You knew the following spells:

 Your Spells              Type           Power      Damage    Failure   Level
b - Blink                 Tloc           10%        N/A       21%         2

Your spell library contained the following spells:

 Spells                   Type           Power      Damage    Failure   Level
 Manifold Assault         Tloc           5%         N/A       78%         4
 Storm Form               Tmut/Air       0%         N/A       100%        7


Dungeon Overview and Level Annotations

Branches:
Dungeon (5/15)             Temple (1/1) D:5

Altars:
Gozag
Ru
Vehumet

Shops:
D:1 !


Innate Abilities, Weirdness & Mutations

You cannot wear most types of armour.
You are amphibious.
You can wear up to eight rings at the same time.
Your skin changes colour to match your surroundings (Stealth+).
Your rubbery body absorbs attacks. (AC +1, EV +1)
((You are camouflaged when in or above water. (Stealth+)))
You have tentacles for arms and can constrict up to eight enemies at once.


Message History

The sky beast looks even sicker.
The sky beast is moderately wounded.
The sky beast flickers out of sight!
Deactivating autopickup; reactivate with Ctrl-A.
A sky beast appears from thin air!
Reactivating autopickup.
Throw: 8 darts (poison)
Press: ? - help, Q - select action, (/) - cycle Shift-Dir - straight line, f/p - sky beast
Aim: a sky beast (severely wounded, poisoned, 51% to hit)
You throw a poisoned dart.
The poisoned dart barely misses the sky beast.
You hit the sky beast but do no damage.
You squeeze the sky beast, but do no damage.
The sky beast is severely wounded.
The sky beast barely misses you.
You hit the sky beast.
The sky beast is almost dead.
The sky beast hits you. The sky beast shocks you.
You hit the sky beast but do no damage.
The sky beast is almost dead.
The sky beast looks more healthy.
The sky beast barely misses you. x2
You barely miss the sky beast. Your squeeze misses the sky beast.
The sky beast is almost dead.
The sky beast barely misses you.
You closely miss the sky beast. Your squeeze misses the sky beast.
The sky beast is almost dead.
The sky beast flickers out of sight!
Deactivating autopickup; reactivate with Ctrl-A.
Something hits you.
* * * LOW HITPOINT WARNING * * *
Something shocks you.
* * * LOW HITPOINT WARNING * * *
Casting: Blink (safe; 21% risk of failure)
Confirm with . or Enter, or press ? or * to list all spells.
You blink.
Something hits you.
* * * LOW HITPOINT WARNING * * *
Something shocks you.
You die...
Your body crumbles into a pile of gold.

#....# #.## #..#
#.... #####....##
#.<# #..# #...#
#.........####.##
##..# ##...#
.##........#...#
#...# ##....#
###..........###
##...#####.....#
#..#####...##
#.........##....
#.## ##.##
##.....)#........
#.# #.#
##.###...#........
#.# #####.## ##@##
##..#........ #.#
#..##..###{##
##.......... #.#
#..##...ยง.##
##......... ##.#
#...#..Y.##
##....((.. #.##
#......###
##....... .##
##......##
#....... ##
#........#
#....... #
#........##
##......
#.........#
#......


You could see an ice beast.

Vanquished Creatures
  A hound (D:5)
  An orc wizard (D:3)
  5 gnolls
  4 adders
  An ufetubus (D:5)
  4 dart slugs (D:2)
  7 orcs
  6 ball pythons
  6 endoplasms
  A giant cockroach (D:1)
  6 hobgoblins
  2 quokkas (D:2)
  4 bats
  12 frilled lizards
  5 goblins
  5 kobolds
  3 rats
73 creatures vanquished.

Vanquished Creatures (others)
  9 plants (D:3)
9 creatures vanquished.

Grand Total: 82 creatures vanquished

Notes
Turn   | Place    | Note
-------+----------+-------------------------------------------
     0 | D:5      | Esekla the Octopode Delver began the quest for the Orb.
     0 | D:5      | Reached XP level 1. HP: 16/16 MP: 1/1
    66 | D:5      | Reached skill level 7 in Stealth
    66 | D:5      | Reached XP level 2. HP: 21/21 MP: 1/3
    78 | D:5      | Reached skill level 1 in Spellcasting
    78 | D:5      | Reached XP level 3. HP: 26/26 MP: 1/4
   114 | D:5      | Noticed an ice beast
   183 | D:5      | Found a staircase to the Ecumenical Temple.
   198 | Temple   | Entered the Ecumenical Temple
   741 | Temple   | Became a worshipper of Gozag Ym Sagoz the Greedy
   886 | D:2      | Learned a level 2 spell: Blink
  1024 | D:1      | Found Wattal's Distillery.
  1029 | D:1      | Reached XP level 4. HP: 31/31 MP: 6/6
  1064 | D:1      | Bought a potion of degeneration for 13 gold pieces
  2146 | D:2      | Reached XP level 5. HP: 36/36 MP: 7/7
  2180 | D:2      | Reached skill level 1 in Translocations
  2315 | D:2      | Found a sacrificial altar of Ru.
  2686 | D:3      | Reached skill level 8 in Stealth
  3455 | D:5      | Reached XP level 6. HP: 42/42 MP: 8/8
  3488 | D:5      | Noticed a sky beast
  3564 | D:5      | Slain by a sky beast

Illustrated notes

Levels and vault maps discovered:
D:1:      psy_arrival_fountain, layout_loops_ring, serial_shops, shop_statue,
          chequers_serial_rivers_large_b
D:2:      layout_loops_ring, basic_altar
D:3:      layout_basic, minmay_lizard_king, uniq_ijyb
D:4:      layout_cave_pools, xom_confusion_cloud
D:5:      layout_layer_cave, nicolae_overflow_hidden_temple,
          minmay_temple_entry_purple_smoke
Temple:   hellmonk_temple_forest_ring

Skill      XL: |  1  2  3  4  5 |
---------------+----------------+-----
Stealth        | 7 8 |  8.3
Spellcasting   | 1 |  1.8
Translocations | 1 |  1.5
Long Blades    | 3 |  3.0
Fighting       | |  3.4
Short Blades   | |  0.1
Dodging        | |  2.5

Action                     |  1- 3 |  4- 6 || total
---------------------------+-------+-------++-------
  Melee: Falchion          |    22 |    67 ||    89
         Constrict         |     7 |    19 ||    26
         Tentacles         |     5 |    18 ||    23
         Dagger            |       |    30 ||    30
         Punch             |       |     1 ||     1
  Throw: Dart              |       |     5 ||     5
   Cast: Blink             |       |     6 ||     6
  Evoke: Wand              |     4 |       ||     4
    Use: Scroll            |     1 |       ||     1
   Stab: Sleeping          |     2 |    21 ||    23
         Distracted        |       |     1 ||     1
 Armour: Skin              |       |     5 ||     5
  Dodge: Dodged            |     9 |    29 ||    38

Table legend: (Time is in decaauts)
 A = Elapsed time spent in this place.
 B = Non-inter-level travel time spent in this place.
 C = Inter-level travel time spent in this place.
 D = Time resting spent in this place.
 E = Time spent auto-exploring this place.
 F = Levels seen in this place.
 G = Mean time per level.
                   A        B        C        D        E       F      G
               +--------+--------+--------+--------+--------+-----+--------+
         Total |   3562 |   3417 |    145 |    642 |    920 |   6 |  593.7 |
       Dungeon |   3224 |   3090 |    134 |    342 |    915 |   5 |  644.8 |
        Temple |    338 |    327 |     11 |    300 |      5 |   1 |  338.0 |
               +--------+--------+--------+--------+--------+-----+--------+

Top non-repeatable levels by time:
     D:1: 899 daAuts
     D:2: 812 daAuts
     D:3: 727 daAuts
     D:5: 725 daAuts
  Temple: 338 daAuts
     D:4: 60 daAuts
